 Dungeon Crawl Stone Soup version 0.31.0-11-ge490571c62 (console) character file.

Game seed: 15842435639704080952

8273 bearlyready the Basher (level 11, 0/124 HPs)
             Began as an Oni Gladiator on Feb 3, 2024.
             Was an Initiate of Ashenzari.
             Slain by an orc warrior
             ... wielding a +0 halberd
              (11 damage)
             ... on level 9 of the Dungeon.
             The game lasted 00:35:18 (10230 turns).

bearlyready the Basher (Oni Gladiator)             Turns: 10230, Time: 00:35:19

Health: 0/124      AC:  7    Str: 24      XL:     11   Next: 28%
Magic:  0/11       EV:  9    Int:  9      God:    Ashenzari [......]
Gold:   281        SH:  0    Dex:  9 (10) Spells: 10/10 levels left

rFire   . . .        q - +0 giant club
rCold   . . .        (shield currently unavailable)
rNeg    . . .        l - +0 acid dragon scales
rPois   .            c - +0 hat "Visionary Oracle" {Cun, Elem} (curse)
rElec   .            (no cloak)
rCorr   +            (gloves unavailable)
SInv    .            (boots unavailable)
Will    +....        n - amulet of guardian spirit
Stlth   +            (no ring)
HPRegen 0.40/turn    (no ring)
MPRegen 0.12/turn

%: guardian spirit
@: about to teleport, slowed, studying Alchemy, very slow
A: large, unfitting armour, horns 1, tough skin 1, double potion healing,
drunken brawling
a: Renounce Religion, Curse Item, Shatter the Chains


You were on level 9 of the Dungeon.
You worshipped Ashenzari.
Ashenzari was noncommittal.
You visited 2 branches of the dungeon, and saw 11 of its levels.

You collected 427 gold pieces.
You spent 146 gold pieces at shops.

Inventory:

Hand Weapons
 a - a +0 flail
 f - a +0 quarterstaff
 g - a +0 mace
 q - a +0 giant club (weapon)
 v - a +1 vampiric trident
 G - a +2 flail of draining
Missiles
 e - 8 large rocks
 s - 10 boomerangs (quivered)
 J - 14 poisoned darts
Armour
 b - a +0 robe
 c - the cursed +0 hat "Visionary Oracle" (worn) {Cun, Elem}

   It has a curse which improves the following skills: Cunning: Dodging and
   Stealth.
   Elements:  Fire Magic, Ice Magic, Air Magic and Earth Magic.
 l - +0 acid dragon scales (worn)
 E - a +1 hat of willpower
 H - an orb of energy
 I - a +2 robe of positive energy
Jewellery
 n - an amulet of guardian spirit (around neck)
 L - an amulet of regeneration
Wands
 d - a wand of flame (53)
 o - a wand of charming (9)
 C - a wand of polymorph (4)
 F - a wand of iceblast (7)
 K - a wand of quicksilver (13)
Scrolls
 i - 2 scrolls of blinking
 p - 2 scrolls of teleportation
 r - 2 scrolls of revelation
 x - a scroll of noise
 y - a scroll of enchant armour {unknown}
 z - a scroll of butterflies {unknown}
 B - 2 scrolls of fog
Potions
 h - 4 potions of enlightenment
 j - 2 potions of mutation
 k - 3 potions of attraction
 m - 2 potions of haste {unknown}
 t - 2 potions of might
 u - a potion of cancellation {unknown}
 w - a potion of magic {unknown}
 A - a potion of degeneration {unknown}
 D - a potion of heal wounds


   Skills:
 + Level 12.3 Fighting
 + Level 13.3 Maces & Flails
 + Level 6.4 Throwing
 - Level 2.6(3.0) Dodging


You had 10 spell levels left.
You didn't know any spells.
Your spell library contained the following spells:

 Spells                   Type           Power      Damage    Failure   Level
 Magic Dart               Conj           0%         1d3       45%         1
 Blink                    Tloc           0%         N/A       61%         2
 Call Imp                 Summ           0%         N/A       61%         2
 Lesser Beckoning         Tloc           0%         N/A       61%         2
 Momentum Strike          Conj/Tloc      0%         3d8       61%         2
 Scorch                   Fire           0%         2d5       61%         2
 Call Canine Familiar     Summ           0%         N/A       83%         3
 Gell's Gravitas          Tloc           0%         N/A       83%         3
 Sigil of Binding         Hex            0%         N/A       83%         3
 Teleport Other           Tloc           0%         N/A       83%         3
 Dimensional Bullseye     Hex/Tloc       0%         N/A       99%         4
 Flame Wave               Conj/Fire      0%         2d4       99%         4
 Summon Cactus Giant      Summ           0%         N/A       100%        6


Dungeon Overview and Level Annotations

Branches:
Dungeon (10/15)            Temple (1/1) D:6             Orc (0/2) D:9
   Lair: D:8-11

Altars:
Ashenzari
Cheibriados
Dithmenos
Elyvilon
Fedhas
Gozag
Hepliaklqana
Makhleb
Nemelex Xobeh
Okawaru
Ru
Sif Muna
Uskayaw
Vehumet
Wu Jian
Xom
Yredelemnul
Zin
The Shining One

Shops:
D:2 ?   D:8 *   D:9 (


Innate Abilities, Weirdness & Mutations

You are too large for most types of armour.
You have a pair of small horns on your head.
You have tough skin. (AC +1)
You gain doubled healing and magic from potions.
Whenever you drink a healing potion, you attack all around you.


Message History

Aim: a kobold demonologist, wielding a +0 dagger and wearing a +0 robe The mass of ice explodes!
The iceblast engulfs the kobold demonologist!
The kobold demonologist is moderately wounded.
The iceblast engulfs the white imp!
The white imp partially resists.
The white imp is severely wounded.
The iceblast engulfs the chaos spawn!
The chaos spawn is heavily wounded.
The iceblast engulfs the kobold!
You kill the kobold!
The iceblast engulfs the orc warrior.
The orc warrior is lightly wounded.
The iceblast engulfs the quasit!
The quasit partially resists.
The quasit is heavily wounded.
You feel sick.
You are no longer poisoned.
The crimson imp blinks!
The kobold demonologist mumbles some strange words.
A kobold comes into view. It is wielding a +0 dagger.
The orc warrior barely misses you.
The kobold demonologist hits you with a +0 dagger.
* * * LOW HITPOINT WARNING * * *
You hit the quasit but do no damage.
The quasit is heavily wounded.
The quasit bites you.
* * * LOW HITPOINT WARNING * * *
You feel clumsy.
The quasit claws you but does no damage. x2
The orc warrior barely misses you.
The kobold demonologist hits you but does no damage.
The neqoxec gestures at you. Something gnaws heavily on your mind!
* * * LOW HITPOINT WARNING * * *
You feel your power leaking away.
As you read the scroll of teleportation, it crumbles to dust.
You feel strangely unstable. The orc warrior closely misses you.
The kobold demonologist hits you with a +0 dagger.
* * * LOW HITPOINT WARNING * * *
The orc warrior hits you from afar with a +0 halberd!
You die...

#.......#......#.....#
#.......#......#.....#
##.......'......#.....#
...........#......#.....#
....####...#......#.....# ...#+
#...##.....#...... ......
#....#.....####... ......
#....#........#..# ##.....#
#....#........#..# .'.....#
#....#####....#..#
#.....######@.......#....#...
#.......5KoK45......#....#.##
#.......K35K......).#........
#....)$.3K5.........####.####
#......5K....................
#####......4K................#.##
................)............#...
...)......!..................#.._
.).))).......###########.....#...
∩............# #.....#.##
...KK........# #.........


You could see an orange demon (summoned), 3 kobold demonologists, 2 neqoxecs, a
chaos spawn (summoned), an orc warrior, 2 kobold brigands, 2 iron imps, 2
quasits, a white imp (summoned) and 2 kobolds.

Vanquished Creatures
  Gastronok (D:9)
  Joseph (D:7)
  A gargoyle (D:10)
  Jeremiah (D:6)
  Maggie (D:9)
  A kobold demonologist (D:6)
  A troll (D:9)
  2 shadows (D:6)
  4 yaks (D:6)
  2 wraiths (D:9)
  2 steam dragons
  An acid dragon (D:6)
  2 water moccasins
  2 black bears
  2 ice beasts
  6 orc warriors
  A sky beast (D:7)
  5 ogres
  2 centaurs
  4 phantoms
  3 kobold brigands
  Blork the orc (D:5)
  A gnoll sergeant (D:8)
  4 scorpions
  4 wights (D:7)
  2 howler monkeys
  2 centaur zombies (D:5)
  2 bombardier beetles
  5 hounds
  5 orc priests
  6 iguanas
  2 jellies
  2 orc wizards
  2 scorpion zombies (D:5)
  A hound zombie (D:5)
  7 gnolls
  7 adders
  2 white imps
  6 ufetubi
  A dart slug (D:2)
  2 ribbon worms
  22 orcs
  3 bats (D:3)
  7 endoplasms
  3 giant cockroaches
  24 goblins
  8 hobgoblins
  7 jackals
  A quokka (D:4)
  6 ball pythons
  9 frilled lizards
  24 kobolds
  4 rats
227 creatures vanquished.

Vanquished Creatures (others)
  An angel (D:4)
1 creature vanquished.

Grand Total: 228 creatures vanquished

Notes
Turn   | Place    | Note
-------+----------+-------------------------------------------
     0 | D:1      | bearlyready the Oni Gladiator began the quest for the Orb.
     0 | D:1      | Reached XP level 1. HP: 22/22 MP: 1/1
    92 | D:1      | Reached XP level 2. HP: 18/29 MP: 2/2
   358 | D:1      | Reached skill level 4 in Maces & Flails
   555 | D:1      | Reached XP level 3. HP: 36/36 MP: 3/3
  1063 | D:2      | Reached XP level 4. HP: 44/44 MP: 4/4
  1279 | D:2      | Found Xuemioc's Magic Scroll Shoppe.
  1288 | D:2      | Bought a scroll of teleportation for 30 gold pieces
  1288 | D:2      | Bought a scroll of identify for 20 gold pieces
  1302 | D:2      | Reached skill level 5 in Maces & Flails
  1594 | D:3      | Found a faded altar of an unknown god.
  1637 | D:3      | Noticed an ogre
  1655 | D:3      | Killed an ogre
  1656 | D:3      | Reached XP level 5. HP: 19/50 MP: 1/5
  1660 | D:3      | Reached skill level 6 in Maces & Flails
  2022 | D:3      | Found an ornate altar of the Wu Jian Council.
  2126 | D:3      | Reached XP level 6. HP: 38/59 MP: 4/6
  2342 | D:3      | Found an opulent altar of Gozag.
  2614 | D:4      | Found a glowing golden altar of the Shining One.
  2751 | D:4      | Killed an angel
  3072 | D:4      | Reached skill level 7 in Maces & Flails
  3444 | D:4      | Reached XP level 7. HP: 22/66 MP: 2/7
  3467 | D:5      | Entered Level 5 of the Dungeon
  3484 | D:5      | Reached skill level 8 in Maces & Flails
  3647 | D:4      | Found a shimmering altar of Xom.
  3647 | D:4      | Found a glowing silver altar of Zin.
  4007 | D:4      | Found a burning altar of Makhleb.
  4117 | D:5      | Reached skill level 9 in Maces & Flails
  4289 | D:5      | Reached XP level 8. HP: 61/74 MP: 8/8
  4349 | D:5      | Noticed Blork the orc
  4491 | D:5      | Killed Blork the orc
  4492 | D:5      | Reached skill level 10 in Maces & Flails
  4729 | D:5      | Found a blossoming altar of Fedhas.
  5160 | D:5      | Reached skill level 5 in Fighting
  5267 | D:6      | Noticed a yak
  5267 | D:6      | Noticed a yak
  5267 | D:6      | Noticed a yak
  5267 | D:6      | Noticed a yak
  5422 | D:6      | Found a staircase to the Ecumenical Temple.
  5428 | Temple   | Entered the Ecumenical Temple
  5454 | Temple   | Became a worshipper of Ashenzari the Shackled
  5530 | D:6      | Noticed a shadow
  5538 | D:6      | Killed a yak
  5539 | D:6      | Reached XP level 9. HP: 72/92 MP: 7/9
  5543 | D:6      | Reached skill level 11 in Maces & Flails
  5582 | D:6      | HP: 1/96 [acid dragon/splash of acid (10)]
  6319 | D:6      | Noticed a kobold demonologist
  6320 | D:6      | Noticed a rust devil
  6325 | D:6      | Noticed an orange demon
  6337 | D:6      | Killed a kobold demonologist
  6348 | D:6      | Reached skill level 12 in Maces & Flails
  6519 | D:6      | Reached XP level 10. HP: 109/109 MP: 10/10
  6604 | D:6      | Noticed Jeremiah
  6633 | D:6      | Killed Jeremiah
  6634 | D:6      | Reached skill level 10 in Fighting
  7474 | D:7      | Found a snail-covered altar of Cheibriados.
  7739 | D:7      | Noticed Joseph
  7753 | D:7      | Killed Joseph
  8147 | D:8      | Found a shadowy altar of Dithmenos.
  8440 | D:8      | Found Viruom's Changing Room.
  8451 | D:8      | Bought a potion of mutation for 96 gold pieces
  8511 | D:8      | Found a sparkling altar of Nemelex Xobeh.
  9142 | D:9      | Found a basalt altar of Yredelemnul.
  9169 | D:9      | Reached skill level 5 in Throwing
  9470 | D:9      | Found a radiant altar of Vehumet.
  9700 | D:9      | Reached skill level 13 in Maces & Flails
  9813 | D:9      | Noticed Maggie
  9814 | D:9      | Noticed Gastronok
  9829 | D:9      | Killed Maggie
  9830 | D:9      | Reached XP level 11. HP: 52/123 MP: 1/11
  9871 | D:10     | Entered Level 10 of the Dungeon
  9871 | D:10     | Found a sacrificial altar of Ru.
 10078 | D:9      | Killed Gastronok
 10215 | D:9      | Found Derah's Weapon Shoppe.
 10215 | D:9      | Found a staircase to the Orcish Mines.
 10230 | D:9      | Slain by an orc warrior

Illustrated notes

Levels and vault maps discovered:
D:1:      minmay_arrival_widening_spiral_wide, layout_rooms, minmay_pentomino_p4
D:2:      minmay_skewed_foursquare, layout_basic, serial_shops, shop,
          serial_co_window_serial, co_window_paths_a, co_window_paths_b,
          co_window_corner_a, co_window_corner_a, co_window_paths_a,
          co_window_corner_a, co_window_paths_b, co_window_broadway_b,
          co_window_2corner, co_window_corner_b, co_window_paths_c,
          co_window_of_opportunity_b, co_window_paths_e, glass_columns_a,
          glass_columns_a, glass_columns_b, glass_columns_a,
          minmay_misc_feat_encased, minmay_misc_feat_pillars, minivault_26
D:3:      layout_loops_cross, mainiacjoe_overflow_24_doors, old_standard_altar,
          chequers_ecumenical_altar_simple, minmay_ogre_servants
D:4:      layout_basic, grunt_temple_overflow_order_and_chaos_1,
          mainiacjoe_overflow_catwalk, lightli_temple_of_fire
D:5:      layout_gridville, kennysheep_little_box, serial_undead,
          serial_undead_c, serial_undead_a, serial_undead_a, serial_undead_c,
          uniq_blork_the_orc
D:6:      layout_loops_ring, minmay_temple_entry_nine_rooms,
          minmay_manual_monolith, uniq_jeremiah
D:7:      layout_basic, cheibriados_altar_1, uniq_joseph
D:8:      layout_gridville, nicolae_overflow_crystal_walls,
          mainiacjoe_overflow_six_doors_small, supply_closet_lemuel,
          hangedman_abyss_or_decor_lesser_grid, minmay_misc_feat_tiny,
          nicolae_transmutations_shop
D:9:      layout_irregular_city, nicolae_vehumet_radiance,
          mainiacjoe_overflow_cross_hatched, orc_david_3, uniq_gastronok,
          uniq_maggie
D:10:     layout_long_grid, trog_hazing_becter, kiku_gazebo_pond_becter,
          mainiacjoe_overflow_small_starburst,
          mainiacjoe_overflow_concentric_impassable,
          due_lair_maze_entry_diamond, serial_shops, nicolae_shop_waterfront,
          chequers_arboretum
Temple:   hellmonk_temple_flake

Skill      XL: |  1  2  3  4  5  6  7  8  9 10 11 |
---------------+----------------------------------+-----
Maces & Flails | 4 5 6 7 9 10 12 13 | 13.3
Fighting       | 6 9 11 12 | 12.3
Throwing       | 5 6 |  6.4
Dodging        | |  2.6

Action                     |  1- 3 |  4- 6 |  7- 9 | 10-12 || total
---------------------------+-------+-------+-------+-------++-------
  Melee: Flail             |    18 |       |       |       ||    18
         Headbutt          |    12 |    27 |    49 |    42 ||   130
         Quarterstaff      |    86 |   175 |   140 |       ||   401
         Giant club        |       |       |    94 |   196 ||   290
  Throw: Throwing net      |       |     2 |     2 |       ||     4
         Boomerang         |       |       |    14 |    25 ||    39
         Large rock        |       |       |     4 |       ||     4
 Invoke: Curse Item        |       |       |       |     1 ||     1
  Evoke: Wand              |       |       |     1 |     4 ||     5
    Use: Scroll            |       |       |     6 |     4 ||    10
         Potion            |       |       |     5 |     3 ||     8
 Armour: Robe              |    65 |   122 |   160 |       ||   347
         Acid dragon scale |       |       |    41 |   218 ||   259
  Dodge: Dodged            |    55 |    82 |   130 |   116 ||   383
